Map: Whispers of Gold

Players

BattleB - Winner!

  • Race: Terran Terran
  • League: Grandmaster
  • Spawn Location: 5:00

Fjant

  • Race: Zerg Zerg
  • League: Master
  • Spawn Location: 9:00

Event: HomeStory Cup XXVI

VOD

Have the link to the VOD?

Description

Time

  • Played on: Nov. 29, 2024, 10 a.m.
  • Length: 11:35

All games in this series

Show
View Real Time Build Order
Export as new Build Order

BattleB Terran - Winner!

Build Orders: Reaper Expand, Hellion Banshee 

Get SALT Encoding   

  12  0:00  SCV  
  13  0:12  SCV  
  14  0:19  Supply Depot  
  14  0:24  SCV  
  15  0:41  SCV  
  15  0:42  Barracks  
  16  0:45  Refinery  
  16  0:53  SCV  
  17  1:05  SCV  
  18  1:17  SCV  
  19  1:29  Orbital Command, Reaper  
  20  1:44  Command Center  
  20  1:51  Supply Depot  
  20  1:54  SCV  
  20  2:01  Marine  
  22  2:06  SCV  
  23  2:14  Factory  
  23  2:18  SCV  
  23  2:21  Barracks Reactor  
  24  2:31  SCV  
  25  2:41  Command Center  
  25  2:44  SCV  
  26  2:55  Orbital Command  
  26  2:56  SCV  
  27  3:02  Starport  
  27  3:08  SCV  
  27  3:09  Refinery  
  28  3:14  Hellion  
  28  3:19  Hellion  
  32  3:21  SCV  
  32  3:23  SCV  
  32  3:26  Barracks Tech Lab  
  34  3:33  SCV  
  35  3:35  SCV  
  35  3:39  Hellion  
  35  3:40  Hellion  
  40  3:45  SCV  
  40  3:47  SCV  
  42  3:48  Banshee  
  42  3:53  Marine  
  46  3:56  Orbital Command  
  46  3:58  Cloaking Field  
  46  4:03  SCV  
  46  4:04  SCV  
  46  4:08  Hellion  
  46  4:09  Hellion  
  52  4:13  Barracks Tech Lab  
  52  4:16  SCV x2  
  54  4:17  Supply Depot  
  54  4:22  SCV  
  55  4:28  SCV x2  
  55  4:33  Marine, Banshee  
  60  4:39  Orbital Command  
  60  4:40  SCV, Barracks  
  60  4:41  SCV  
  60  4:42  Barracks  
  60  4:44  Factory Reactor  
  61  4:48  Stimpack  
  61  4:51  Marine  
  62  4:53  SCV  
  62  4:54  Supply Depot, SCV  
  62  4:55  Refinery  
  62  4:56  Refinery  
  64  5:00  Engineering Bay  
  64  5:03  Engineering Bay  
  64  5:04  SCV  
  64  5:05  SCV  
  66  5:08  SCV  
  66  5:09  Marine  
  68  5:16  SCV  
  68  5:18  Supply Depot  
  68  5:19  SCV  
  68  5:20  SCV  
  71  5:27  Marine, Starport Reactor, Barracks  
  72  5:29  Marine x2, Barracks  
  72  5:33  SCV x2  
  76  5:36  SCV  
  76  5:40  Siege Tank  
  76  5:41  Supply Depot  
  80  5:44  Terran Infantry Weapons Level 1, Terran Infantry Armor Level 1  
  80  5:52  SCV x2  
  80  5:53  Marine x3  
  80  5:55  Marine x2  
  85  5:57  SCV  
  77  6:04  SCV  
  77  6:08  SCV, Medivac  
  77  6:09  SCV, Medivac  
  77  6:10  Marine  
  77  6:11  Supply Depot, Marine x2  
  83  6:15  Siege Tank  
  83  6:17  Barracks Tech Lab  
  83  6:18  Marine  
  88  6:19  Barracks Reactor  
  88  6:20  Marauder  
  88  6:21  SCV x3  
  93  6:25  Refinery  
  93  6:26  Refinery  
  93  6:33  SCV x2  
  93  6:34  Supply Depot x2, SCV  
  93  6:35  Supply Depot  
  93  6:37  Combat Shield  
  93  6:38  Concussive Shells  
  96  6:41  Marauder  
  96  6:45  SCV  
  96  6:47  Marauder  
  101  6:55  Siege Tank, Marine x4, SCV  
  101  6:56  SCV  
  101  6:58  Supply Depot  
  101  6:59  Supply Depot, Marine x2  
  112  7:01  Supply Depot  
  112  7:03  Medivac x2  
  112  7:05  Marauder  
  112  7:07  SCV  
  112  7:08  SCV, Marine  
  120  7:13  SCV  
  120  7:14  Marine x4  
  125  7:17  Marine  
  125  7:21  Marine  
  114  7:26  Marauder  
  114  7:28  Factory, Armory  
  116  7:32  Siege Tank, Marine  
  116  7:33  Marine x2, Marauder  
  116  7:34  Marine  
  125  7:39  Marine x2  
  125  7:43  Medivac x2  
  131  7:48  Marauder  
  131  7:50  Marine  
  133  7:54  Command Center, Marauder  
  133  7:55  Marine x3  
  133  7:58  Marine  
  139  8:00  Marine  
  140  8:07  Supply Depot  
  140  8:08  Supply Depot  
  140  8:09  Supply Depot, Marauder  
  140  8:12  Marine  
  142  8:15  Siege Tank  
  142  8:16  Marauder  
  142  8:18  Terran Infantry Armor Level 2, Terran Infantry Weapons Level 2  
  145  8:23  Marine, Terran Vehicle Weapons Level 1  
  145  8:24  Marine  
  145  8:25  Marine  
  143  8:28  Marine  
  143  8:30  Supply Depot, Marauder  
  146  8:34  Factory Tech Lab  
  146  8:37  Marauder, Medivac x2  
  146  8:41  Marine  
  152  8:42  Marine x2  
  155  8:48  Sensor Tower  
  155  8:51  Marine  
  155  8:52  Marauder  
  158  8:57  Marine  
  158  8:58  Marine, Marauder  
  158  8:59  Marine  
  158  9:00  Barracks x3  
  163  9:04  Siege Tank x2  
  163  9:06  Marine x2  
  163  9:08  Marine  
  152  9:13  Marauder  
  152  9:14  Medivac x2  
  152  9:15  Marine  
  152  9:16  Marine  
  153  9:17  SCV, Marine  
  153  9:19  SCV, Marine  
  152  9:24  Marine x2  
  152  9:26  Marine  
  152  9:30  SCV x2  
  150  9:33  Marine x2  
  150  9:35  Marauder  
  150  9:37  Siege Tank, Marine  
  150  9:38  Supply Depot, Marauder  
  160  9:42  Siege Tank, Marine x2  
  160  9:45  Planetary Fortress  
  158  9:48  Marine  
  158  9:52  Barracks Tech Lab x2, Marine  
  148  9:54  Barracks Reactor x2  
  148  9:56  Barracks Tech Lab, Marauder  
  148  9:57  Marine x2  
  152  10:01  Marine x2  
  152  10:02  Liberator x2  
  158  10:09  Marine x2, Marauder  
  158  10:10  Command Center  
  162  10:14  Marine x2  
  162  10:17  Marauder  
  162  10:18  Marine  
  162  10:20  Marine x2  
  169  10:21  Siege Tank  
  169  10:22  Siege Tank  
  169  10:27  Marine x2  
  177  10:28  Command Center  
  177  10:31  Marine x2, Marauder  
  177  10:32  Marauder  
  177  10:33  Marine  
  177  10:35  Marine  
  182  10:37  Marine  
  182  10:39  Marauder  
  182  10:41  Marine  
  182  10:42  Marine x2  
  171  10:45  Marine  
  171  10:46  Marine  
  171  10:48  Marine  
  171  10:49  Liberator x2  
  178  10:52  Marauder  
  178  10:53  Marine  
  178  10:54  Marauder  
  175  10:58  Marine x2  
  175  10:59  Marine  
  175  11:00  Marauder  
  180  11:04  Refinery x2  
  180  11:07  Marine  
  180  11:10  Marine  
  180  11:11  Marine x2  
  186  11:14  Marauder  
  189  11:21  Sensor Tower  
Show
View Real Time Build Order
Export as new Build Order

Fjant Zerg 

Build Orders: Hatch First 

Get SALT Encoding   

  12  0:00  Drone  
  13  0:13  Drone  
  13  0:14  Extractor  
  13  0:16  Drone  
  15  0:37  Hatchery  
  15  0:41  Extractor  
  15  0:42  Drone  
  14  0:49  Overlord  
  15  1:03  Spawning Pool  
  14  1:07  Drone  
  14  1:11  Drone  
  16  1:15  Drone  
  17  1:23  Drone  
  18  1:32  Drone  
  19  1:40  Drone  
  20  1:51  Queen x2  
  20  1:53  Drone  
  25  1:57  Drone  
  26  2:02  Overlord  
  26  2:03  Drone  
  27  2:10  Drone  
  28  2:20  Hatchery  
  27  2:24  Drone  
  28  2:33  Drone x2  
  28  2:34  Drone x2  
  32  2:40  Queen  
  34  2:44  Overlord  
  34  2:49  Drone  
  35  2:53  Drone, Extractor  
  35  2:58  Drone  
  36  3:02  Queen  
  36  3:03  Drone  
  39  3:07  Drone x2  
  41  3:13  Drone, Overlord  
  41  3:17  Drone x2  
  44  3:22  Overlord  
  44  3:31  Queen  
  44  3:32  Drone x3  
  49  3:38  Drone, Roach Warren  
  49  3:43  Drone x2  
  49  3:47  Queen  
  53  3:49  Drone  
  53  3:55  Overlord  
  54  3:56  Drone  
  54  4:01  Evolution Chamber  
  53  4:11  Drone x2  
  53  4:12  Drone x2  
  57  4:18  Drone x2  
  57  4:19  Drone x2  
  57  4:20  Lair  
  57  4:22  Extractor, Roach x2  
  64  4:25  Roach  
  64  4:26  Drone x4  
  68  4:34  Overlord  
  68  4:37  Overlord  
  68  4:41  Overlord  
  68  4:45  Overlord  
  68  4:49  Overlord  
  68  4:54  Spore Crawler x2  
  68  4:55  Drone x6, Spore Crawler  
  68  4:58  Drone  
  72  5:00  Roach  
  72  5:01  Metabolic Boost  
  72  5:05  Roach  
  76  5:07  Drone  
  76  5:10  Drone, Extractor  
  76  5:11  Drone x2  
  79  5:22  Roach x2  
  79  5:25  Overseer  
  79  5:27  Drone x3  
  86  5:29  Drone  
  86  5:30  Drone x3  
  86  5:34  Drone  
  86  5:35  Overseer  
  90  5:37  Drone x3  
  93  5:43  Hatchery  
  93  5:46  Extractor  
  90  5:55  Drone  
  84  5:57  Drone x2  
  84  6:01  Drone x4  
  88  6:07  Drone  
  88  6:08  Drone  
  88  6:09  Glial Reconstitution  
  88  6:11  Drone x5, Evolution Chamber  
  88  6:12  Evolution Chamber  
  91  6:19  Drone x3  
  91  6:21  Baneling Nest  
  93  6:28  Roach x2  
  93  6:29  Ravager x3  
  93  6:31  Zergling x2  
  101  6:34  Extractor  
  101  6:35  Extractor  
  99  6:41  Zergling x14  
  99  6:46  Zerg Ground Armor Level 1  
  106  6:50  Overlord x2  
  106  6:57  Drone x2  
  106  6:58  Zergling x8  
  106  6:59  Zerg Melee Weapons Level 1  
  112  7:02  Hatchery  
  110  7:09  Zergling x16  
  110  7:12  Centrifugal Hooks  
  116  7:21  Drone  
  116  7:22  Drone  
  112  7:27  Drone x3  
  112  7:28  Extractor  
  114  7:30  Zergling x14, Infestation Pit  
  114  7:34  Baneling x9  
  114  7:36  Drone  
  121  7:38  Drone x2  
  121  7:40  Drone x2  
  121  7:43  Drone x2  
  127  7:49  Drone  
  127  7:50  Overlord  
  127  7:51  Overlord  
  128  7:52  Overlord  
  128  7:53  Baneling x3  
  128  8:01  Drone  
  128  8:03  Overlord  
  128  8:08  Baneling x6  
  128  8:09  Zergling x18  
  128  8:10  Zergling x4  
  139  8:15  Zergling x12  
  142  8:20  Drone x3  
  142  8:24  Zergling x6  
  143  8:29  Zergling x8  
  143  8:31  Zergling x2  
  143  8:32  Zergling x12  
  149  8:41  Hive  
  149  8:44  Overlord x3  
  149  8:50  Zerg Ground Armor Level 2  
  149  8:52  Baneling x3  
  149  8:53  Overlord  
  149  8:56  Zergling x2  
  149  8:59  Baneling  
  149  9:00  Baneling x9  
  148  9:06  Zergling x2  
  148  9:07  Zergling x32  
  137  9:10  Zergling x2  
  137  9:14  Roach x4  
  136  9:25  Zergling x10  
  138  9:31  Zergling x6  
  138  9:32  Baneling x12, Extractor  
  138  9:34  Roach x2  
  138  9:38  Roach  
  145  9:41  Roach x2  
  137  9:50  Zergling x10  
  137  9:57  Ultralisk Cavern, Roach x2  
  140  10:01  Zergling x6  
  140  10:10  Zergling x6  
  140  10:13  Zergling x4  
  142  10:16  Zergling x4  
  142  10:17  Baneling x6  
  143  10:22  Zergling x2  
  143  10:23  Zergling x4  
  138  10:31  Zergling x6  
  135  10:39  Hatchery  
  122  10:44  Ultralisk x4  
  122  10:45  Zergling x16  
  146  10:52  Zergling x4  
  146  10:56  Zergling x6  
  128  10:58  Zergling x2  
  128  11:00  Baneling  
  128  11:02  Zergling x2  
  119  11:05  Baneling  
  119  11:06  Zergling x12  
  129  11:15  Zergling x8  
Tags
 
Add a new tag
Caveats
  • Supply blocks, unpowered buildings, or Contaminate may cause inaccurate times.
  • Supply counts are checked every 10 seconds.